 Dungeon Crawl Stone Soup version 0.22-a0-515-g75794bf (webtiles) character file.

2 inc the Chiller (level 1, 0/11 HPs)
             Began as an Octopode Ice Elementalist on June 19, 2018.
             Slain by a giant cockroach (2 damage)
             ... on level 1 of the Dungeon.
             The game lasted 00:00:19 (151 turns).

inc the Chiller (Octopode Ice Elementalist)          Turns: 151, Time: 00:00:19

Health: 0/11       AC:  1    Str:  7    XL:     1   Next: 40%
Magic:  3/3        EV: 13    Int: 17    God:
Gold:   15         SH:  0    Dex: 12    Spells: 3/4 levels left

rFire    . . .     SeeInvis .   (no weapon)
rCold    . . .     Gourm    .   (no shield)
rNeg     . . .     Faith    .   (helmet restricted)
rPois    .         Spirit   .   (no amulet)
rElec    .         Reflect  .   (no ring)
rCorr    .         Harm     .   (no ring)
MR       .....                  (no ring)
Stlth    +++.......             (no ring)
HPRegen  0.03/turn              (no ring)
MPRegen  0.08/turn              (no ring)
                                (no ring)
                                (no ring)

@: no status effects
A: almost no armour, stealthy swim, amphibious, 8 rings, constrict 8, camouflage
1, gelatinous body 1
a: no special abilities


You were on level 1 of the Dungeon.
You were not hungry.

You visited 1 branch of the dungeon, and saw 1 of its levels.

You collected 15 gold pieces.

Inventory:

Scrolls
 a - a scroll of teleportation {unknown}
Comestibles
 b - a ration


   Skills:
 - Level 2.0 Dodging
 - Level 2.6 Stealth
 - Level 2.0 Spellcasting
   Level 1.0 Conjurations
 + Level 3.2 Ice Magic


You had 3 spell levels left.
You knew the following spells:

 Your Spells              Type           Power        Failure   Level  Hunger
a - Freeze                Ice            ##..         5%          1    #......

Your spell library contained the following spells:

 Spells                   Type           Power        Failure   Level  Hunger
 Throw Frost              Conj/Ice       #.....       12%         2    ###....
 Summon Ice Beast         Ice/Summ       #.......     69%         4    #####..
 Ozocubu's Armour         Chrm/Ice       #.......     30%         3    ###....
 Throw Icicle             Conj/Ice       #.......     63%         4    #####..


Dungeon Overview and Level Annotations

Branches:
Dungeon (1/15)

Altars:


Innate Abilities, Weirdness & Mutations

You cannot wear most types of armour.
You are very stealthy in the water. (Stealth+)
You are amphibious.
You can wear up to eight rings at the same time.
You can use your tentacles to constrict eight enemies at once.
Your skin changes colour to match your surroundings (Stealth+).
Your rubbery body absorbs attacks. (AC +1, EV +1)


Message History

The goblin is too close now for your liking.
A goblin is nearby!
A giant cockroach comes into view.
A goblin and a kobold come into view.
The goblin shouts! x2; The kobold shouts!
The goblin hits you with a club.
A kobold comes into view. It is wielding a short sword.
The kobold throws a stone.
The stone hits you.
You see here a stone.
The kobold shouts!
You hear a shout!
The kobold throws a stone.
The stone hits you but does no damage.
You see here a stone.
The goblin hits you with a club.
Ouch! That really hurt!
* * * LOW HITPOINT WARNING * * *
The kobold throws a stone.
The stone misses you.
You see here a stone.
The giant cockroach closely misses you. The giant cockroach bites you.
You die...

.....(.......#+# #.#
.####...####. #.# .#####Kg## #.#
........(# #######.# .######..#
#.......# #.K# #.####### #.(#
#.# .######..# ##########.#
.........## #.s@....##.########
.######...####.#####.##..(......
#...K.Kg.# #......#.###
#........# #.####.# ##.#####.#
#.# #†# #.# #.# #.# #.# #.# #..
..# #†# #.# #### ### #.# #.# #..


You could see a giant cockroach, a goblin and a kobold.

Vanquished Creatures
  A goblin (D:1)
  A ball python (D:1)
  A kobold (D:1)
3 creatures vanquished.

Notes
Turn   | Place    | Note
-------+----------+-------------------------------------------
     0 | D:1      | inc the Octopode Ice Elementalist began the quest for the Orb.
     0 | D:1      | Reached XP level 1. HP: 11/11 MP: 3/3
   151 | D:1      | Slain by a giant cockroach

Vault maps used:
D:1:      nzn_arrival_crosshair

Action                   || total
-------------------------++-------
Melee: Unarmed           ||     5
       Constrict         ||     2
 Cast: Freeze            ||     3
Dodge: Dodged            ||     7

Table legend:
 A = Spawn XP
 B = Non-spawn XP
 C = Spawn XP percentage of total XP
 D = Spawn monster count
 E = Non-spawn monster count
 F = Spawn count percentage of total count
 G = Total turns spent on level
                    A         B        C        D         E        F      G
               +---------+---------+-------+---------+---------+-------+---------
         Total |       0 |       4 |   0.0 |       0 |       3 |   0.0 |   151
               +---------+---------+-------+---------+---------+-------+---------
           D:1 |       0 |       4 |   0.0 |       0 |       3 |   0.0 |   151
               +---------+---------+-------+---------+---------+-------+---------
